 Dungeon Crawl Stone Soup version 0.29.0-15-g675c0067aa (webtiles) character file.

Game seed: 7853461501759294579

135 qw the Chopper (level 5, -1/32 HPs)
             Began as a Gargoyle Fighter on Sept 12, 2022.
             Slain by Blork the orc
             ... wielding a +2 mace of protection
              (3 damage)
             ... on level 4 of the Dungeon.
             The game lasted 00:00:47 (2407 turns).

qw the Chopper (Gargoyle Fighter)                   Turns: 2407, Time: 00:00:48

Health: -1/32      AC: 12    Str: 22    XL:     5   Next: 18%
Magic:  5/5        EV:  9    Int:  8    God:
Gold:   156        SH:  4    Dex:  9    Spells: 4/4 levels left

rFire   . . .      SeeInvis .   Y - +1 war axe (freeze)
rCold   . . .      Faith    .   c - +0 buckler
rNeg    + . .      Spirit   .   b - +0 scale mail
rPois   inf        Reflect  .   (no helmet)
rElec   +          Harm     .   (no cloak)
rCorr   .          Rampage  .   (no gloves)
Will    .....                   g - +0 pair of boots
Stlth   ..........              (no amulet)
HPRegen 0.10/turn               (no ring)
MPRegen 0.09/turn               (no ring)

@: no status effects
A: sickness immunity, AC +4, negative energy resistance 1, electricity
resistance, torment resistance 1, petrification resistance
a: no special abilities


You were on level 4 of the Dungeon.
You visited 1 branch of the dungeon, and saw 4 of its levels.

You collected 156 gold pieces.


Innate Abilities, Weirdness & Mutations

You are immune to sickness and miasma.
Your stone body is resilient. (AC +4)
You are immune to poison.
You resist negative energy. (rN+)
You are resistant to electric shocks. (rElec)
You are resistant to unholy torment.
You are immune to petrification.


   Skills:
 - Level 3.2 Fighting
 + Level 4.7 Axes
 - Level 3.2 Armour
 - Level 3.2 Shields


You had 4 spell levels left.
You didn't know any spells.
Your spell library was empty.

Inventory:

Hand Weapons
 i - a +0 flail
 Y - a +1 war axe of freezing (weapon)
Armour
 b - a +0 scale mail (worn)
 c - a +0 buckler (worn)
 f - a +0 chain mail
 g - a +0 pair of boots (worn)
Scrolls
 m - a scroll of identify
 n - a scroll of summoning {unknown}
Potions
 a - 2 potions of lignification
 d - 2 potions of might
 e - a potion of degeneration {unknown}
 j - a potion of haste
 k - a potion of curing
 l - a potion of invisibility {unknown}

Dungeon Overview and Level Annotations

Branches:
Dungeon (4/15)
 Temple: D:4-7

Altars:
Makhleb

Annotations:
D:4 Blork the orc


Message History

You block Blork the orc's attack.
You closely miss Blork the orc.
Blork the orc hits you with a +2 mace of protection.
Blork the orc hits you but does no damage.
You hit Blork the orc but do no damage.
Blork the orc casts a spell.
Blork the orc seems to speed up.
You closely miss Blork the orc.
Blork the orc looks encouraged for a moment.
Blork the orc hits you with a +2 mace of protection.
You barely miss Blork the orc. Blork the orc closely misses you.
You block Blork the orc's attack.
You hit Blork the orc but do no damage.
Blork the orc hits you with a +2 mace of protection.
Blork the orc hits you but does no damage.
You closely miss Blork the orc. Blork the orc casts a spell at you.
The magic dart hits you!
Blork the orc hits you with a +2 mace of protection.
You closely miss Blork the orc.
Blork the orc points at you and mumbles some strange words.
The puff of flame hits you!
Blork the orc hits you but does no damage.
You hit Blork the orc. You freeze Blork the orc.
Blork the orc is lightly wounded.
Blork the orc hits you with a +2 mace of protection.
Blork the orc barely misses you.
You barely miss Blork the orc.
Blork the orc is lightly wounded.
Blork the orc hits you with a +2 mace of protection.
Blork the orc points at you and mumbles some strange words.
The magic dart hits you but does no damage.
You slash Blork the orc! You freeze Blork the orc.
Blork the orc is moderately wounded.
Blork the orc barely misses you.
Blork the orc hits you with a +2 mace of protection.
You hit Blork the orc. You freeze Blork the orc.
Blork the orc is heavily wounded.
Blork the orc hits you with a +2 mace of protection.
You die...

#.........#
#........##
#.........#
#.........##
#.........#
#...........#
#.##......#
#.<..........
#####.###.....#
#.....(8.....
##...#.#
##...##
#............
##......##
##..##
#......8.8...
#........##
##..##
#............
#........[##
##@.#
##...........
##..........##
##o.#
##..........
#............#
...#
##.........
#.......).....#
....#
##........
#..........##..
.....#
######...
#.........## #.
......# #..<###
#.........#
..........####
........).#
.......#
#........##


You could see Blork the orc (fast).

Vanquished Creatures
  A hound (D:4)
  2 gnolls (D:4)
  3 adders
  A worm (D:2)
  2 dart slugs (D:2)
  3 orcs (D:3)
  2 ball pythons
  2 bats (D:3)
  2 endoplasms (D:2)
  A giant cockroach (D:1)
  9 goblins
  6 hobgoblins
  2 kobolds
  A quokka (D:2)
  4 frilled lizards
  7 rats
48 creatures vanquished.

Notes
Turn   | Place    | Note
-------+----------+-------------------------------------------
     0 | D:1      | qw the Gargoyle Fighter began the quest for the Orb.
     0 | D:1      | Reached XP level 1. HP: 14/14 MP: 1/1
     0 | D:1      | 0 ||| qw: Version: 0.1-a-119-g272c26d
     0 | D:1      | 0 ||| qw: Game counter: 11002
     0 | D:1      | 0 ||| qw: Always use a shield: true
     0 | D:1      | 0 ||| qw: God list: Okawaru
     0 | D:1      | 0 ||| qw: Allow faded altars: false
     0 | D:1      | 0 ||| qw: Do Orc after D:15 true
     0 | D:1      | 0 ||| qw: Do second Lair branch before Depths: true
     0 | D:1      | 0 ||| qw: Lair rune preference: random
     0 | D:1      | 0 ||| qw: Plans: Normal, Zot, God:TSO, Crypt, Tomb, Pan,
                  | Slime, Hells, Zig, Abyss, Orb
     0 | D:1      | 0 ||| PLANNING D:1-11
   104 | D:1      | Reached skill level 2 in Axes
   260 | D:1      | Reached XP level 2. HP: 16/19 MP: 2/2
   596 | D:1      | 596 ||| READING scroll labelled QEMAGR BAAVU.
   597 | D:1      | 597 ||| READING scroll labelled JAOGUTEMUH.
   598 | D:1      | 598 ||| READING scroll labelled NIXTIA FEAL.
   599 | D:1      | 599 ||| READING scroll labelled ALOTOEZILO.
   600 | D:1      | 600 ||| READING scroll labelled ODIPNU KOLIENN.
   984 | D:2      | Reached skill level 3 in Axes
   989 | D:2      | Found a faded altar of an unknown god.
   997 | D:2      | Reached XP level 3. HP: 23/23 MP: 3/3
  1129 | D:2      | 1129 ||| Stepping ~*~*~tactically~*~*~ (hiding).
  1695 | D:2      | 1695 ||| READING scroll labelled QIZAD YTICUBB.
  1696 | D:2      | 1696 ||| READING scroll labelled UPEAQ UKHAUTSI.
  1697 | D:2      | 1697 ||| READING scroll labelled ZUUCLO QORIHU.
  1698 | D:2      | 1698 ||| DRINKING 2 fuming pink potions.
  1744 | D:3      | 1744 ||| STAIRDANCE
  1857 | D:3      | 1857 ||| DROPPING +0 club.
  1885 | D:3      | 1885 ||| Stepping ~*~*~tactically~*~*~ (stealth).
  1968 | D:3      | Reached XP level 4. HP: 28/28 MP: 4/4
  1975 | D:3      | Found a burning altar of Makhleb.
  2072 | D:3      | Reached skill level 4 in Axes
  2176 | D:3      | 2176 ||| UPGRADING to +0 pair of boots.
  2181 | D:3      | 2181 ||| DRINKING 3 fizzy orange potions.
  2218 | D:3      | 2218 ||| DRINKING 2 murky sapphire potions.
  2219 | D:3      | 2219 ||| READING 3 scrolls of identify.
  2219 | D:3      | 2219 ||| IDENTIFYING emerald potion
  2220 | D:3      | 2220 ||| READING 2 scrolls of identify.
  2220 | D:3      | 2220 ||| IDENTIFYING puce potion
  2221 | D:3      | 2221 ||| DROPPING potion of berserk rage.
  2265 | D:4      | 2265 ||| Stepping ~*~*~tactically~*~*~ (hiding).
  2272 | D:4      | HP: 4/28 [gnoll/+0 halberd (10)]
  2273 | D:4      | 2273 ||| READING scroll of teleportation.
  2274 | D:4      | 2274 ||| DRINKING potion of heal wounds.
  2312 | D:4      | Reached XP level 5. HP: 24/32 MP: 5/5
  2394 | D:4      | Noticed Blork the orc
  2404 | D:4      | HP: 8/32 [Blork the orc/+2 mace of protection (1)]
  2406 | D:4      | HP: 2/32 [Blork the orc/+2 mace of protection (3)]
  2407 | D:4      | Slain by Blork the orc

Levels and vault maps discovered:
D:1:      ncdulo_watergridlock, layout_rooms, minmay_misc_feat_rows,
          minmay_misc_feat_room, chequers_serial_rivers_large_a,
          nicolae_kite_square_tiling_tiny
D:2:      layout_loops_ring, hellmonk_ecumenical_altar_zigzags,
          roderic_serpentine_path
D:3:      layout_rooms, mainiacjoe_overflow_paths
D:4:      layout_cave_pods, serial_column_ruins, column_ruins_columns_straight,
          column_ruins_grid_2, column_ruins_columns_plus, uniq_blork_the_orc

Skill      XL: |  1  2  3  4 |
---------------+-------------+-----
Axes           | 2 3 4 |  4.7
Fighting       | |  3.2
Armour         | |  3.2
Shields        | |  3.2

Action                   |  1- 3 |  4- 6 || total
-------------------------+-------+-------++-------
Melee: War axe           |    89 |    43 ||   132
Throw: Boomerang         |    20 |       ||    20
  Use: Scroll            |     8 |     3 ||    11
       Potion            |     1 |     3 ||     4
Armor: Scale mail        |    34 |    29 ||    63
Dodge: Dodged            |    26 |    22 ||    48
Block: Buckler           |    13 |     6 ||    19

Table legend:
 A = Non-vault XP
 B = Vault XP
 C = Vault XP percentage of total XP
 D = Non-vault monster count
 E = Vault monster count
 F = Vault count percentage of total count
                 A         B        C        D         E       F
            +---------+---------+-------+---------+---------+-------
      Total |     193 |       0 |   0.0 |      48 |       0 |   0.0
            +---------+---------+-------+---------+---------+-------
        D:1 |      12 |       0 |   0.0 |       8 |       0 |   0.0
        D:2 |      32 |       0 |   0.0 |      14 |       0 |   0.0
        D:3 |      60 |       0 |   0.0 |      21 |       0 |   0.0
        D:4 |      89 |       0 |   0.0 |       5 |       0 |   0.0
            +---------+---------+-------+---------+---------+-------
